AoeStats
← 27岁电竞老年人

Black Forest

511039141Analyzed
4v4 RM · 3h ago on Oct 3, 2026· 49m 20s· 8 players
Game mode
Random Map
Map size
Large (8 player)
Population
200
Speed
Normal
Resources
Standard
Victory
Conquest
Starting age
Dark Age
Ending age
Imperial Age
RankedLock teamsTeams togetherTeam positionsShared explorationLock speedFull tech treeHidden civsTurbo modeCheats
Victory
Defeat
🇭🇰 Burgundians · Hong Kong SAR China
1200
+12
🇨🇱 Mongols · Chile
1176
+13
🇭🇰 Turks · Hong Kong SAR China
1138
+15
🇦🇺 Portuguese · Australia
1045
+17
1128
-15
🇺🇸 Slavs · United States
1119
-15
🇬🇧 Mongols · United Kingdom
1105
-14
🇳🇱 Bohemians · Netherlands
1078
-13
TWENTYSIX2SAM4
7:26 Loom
11:33 Feudal Age
12:07 Double-Bit Axe
12:05 Horse Collar
18:51 Castle Age
21:23 Wheelbarrow
21:36 Stone Mining
26:04 Imperial Age
25:20 Forging
25:16 Scale Barding Armor
25:21 Heavy Plow
25:33 Bow Saw
26:32 Gold Mining
29:03 Detinets
29:45 Iron Casting
30:46 Chain Barding Armor
31:53 Conscription
32:14 Plate Barding Armor
31:40 Onager
34:00 Siege Onager
35:24 Capped Ram
35:28 Elite Boyar
36:29 Conscription
37:50 Siege Ram
39:26 Siege Engineers
40:22 Chemistry
42:36 Blast Furnace
Builder
0:25 Loom
12:12 Feudal Age
13:20 Double-Bit Axe
19:11 Castle Age
16:57 Horse Collar
17:44 Fishing Lines
20:51 Wheelbarrow
21:04 Gillnets
24:09 Redemption
28:06 Pikeman
28:48 Scale Mail Armor
30:33 Hand Cart
30:03 Town Watch
37:17 Imperial Age
38:41 Block Printing
40:30 Illumination
40:42 Forging
42:08 Chemistry
49:47 Chain Mail Armor
Starscream
10:34 Feudal Age
14:37 Castle Age
12:25 Double-Bit Axe
12:23 Horse Collar
16:12 Bow Saw
19:16 Wheelbarrow
19:26 Heavy Plow
21:06 Stone Mining
23:04 Gold Mining
27:45 Imperial Age
25:02 Town Watch
25:33 Hand Cart
25:12 Fletching
25:22 Padded Archer Armor
25:51 Padded Archer Armor
26:15 Bodkin Arrow
27:23 Ballistics
28:00 Loom
28:00 Town Watch
28:29 Thumb Ring
28:44 Bloodlines
28:35 Husbandry
29:16 Conscription
29:25 Bracer
30:40 Heavy Cavalry Archer
31:45 Parthian Tactics
31:55 Leather Archer Armor
36:06 Chemistry
38:31 Elite Mangudai
42:56 Light Cavalry
43:47 Forging
43:43 Scale Barding Armor
44:02 Hussar
45:18 Iron Casting
46:19 Chain Barding Armor
47:38 Blast Furnace
27岁电竞老年人
12:08 Feudal Age
13:45 Double-Bit Axe
16:05 Castle Age
16:56 Horse Collar
20:30 Wheelbarrow
25:46 Hand Cart
30:33 Imperial Age
29:20 Gold Mining
29:23 Loom
29:23 Town Watch
30:08 Bow Saw
30:00 Heavy Plow
29:54 Fletching
30:05 Padded Archer Armor
30:35 Ballistics
31:18 Gold Shaft Mining
30:12 Elite Skirmisher
31:54 Conscription
32:39 Chemistry
32:43 Thumb Ring
32:18 Onager
33:51 Bodkin Arrow
34:11 Leather Archer Armor
35:21 Bracer
34:48 Light Cavalry
35:30 Husbandry
36:04 Ring Archer Armor
39:22 Hussar
41:31 Caravan
44:04 Squires
43:26 Halberdier
fat_dgk
9:03 Feudal Age
9:38 Double-Bit Axe
18:18 Castle Age
19:46 Town Watch
21:15 Bow Saw
22:10 Loom
24:57 Wheelbarrow
24:05 Fishing Lines
28:39 Imperial Age
27:13 Fortified Wall
27:17 Fletching
27:53 Stone Mining
28:00 Bodkin Arrow
28:05 Padded Archer Armor
28:17 Thumb Ring
29:29 Ballistics
29:26 Bloodlines
29:55 Bracer
31:30 Chemistry
30:30 Gillnets
32:17 Parthian Tactics
32:53 Leather Archer Armor
33:05 Conscription
33:04 Elite Mangudai
33:51 Husbandry
33:11 Light Cavalry
35:05 Hussar
35:52 Scale Barding Armor
35:57 Forging
35:55 Caravan
37:38 Chain Barding Armor
37:54 Iron Casting
37:53 Nomads
44:51 Horse Collar
47:25 Blast Furnace
47:36 Capped Ram
48:49 Drill
48:52 Onager
48:55 Siege Ram
五虎上將-黃忠
13:30 Feudal Age
14:49 Double-Bit Axe
14:56 Gold Mining
17:28 Castle Age
21:37 Imperial Age
19:44 Bow Saw
20:15 Horse Collar
24:57 Wheelbarrow
24:51 Heavy Plow
26:57 Padded Archer Armor
31:41 Leather Archer Armor
31:44 Hand Cart
31:15 Loom
38:04 Ring Archer Armor
37:39 Scale Barding Armor
37:44 Forging
39:17 Two-Man Saw
38:54 Gold Shaft Mining
38:11 Stone Mining
39:23 Bloodlines
39:14 Husbandry
39:47 Chain Barding Armor
42:10 Plate Barding Armor
42:11 Iron Casting
47:25 Blast Furnace
46:17 Fletching
49:46 Bombard Tower
49:06 Treadmill Crane
無雙戰神-呂布
0:26 Loom
10:45 Double-Bit Axe
14:23 Feudal Age
19:31 Castle Age
18:13 Bow Saw
18:15 Gold Mining
18:39 Stone Mining
18:32 Horse Collar
20:58 Heavy Plow
23:10 Wheelbarrow
23:43 Gold Shaft Mining
24:22 Hand Cart
24:22 Husbandry
24:30 Scale Barding Armor
26:24 Cavalier
29:47 Chain Barding Armor
31:13 Fletching
32:33 Hand Cart
34:08 Devotion
34:34 Burgundian Vineyards
39:35 Imperial Age
36:27 Elite Skirmisher
37:07 Bodkin Arrow
37:13 Padded Archer Armor
38:30 Leather Archer Armor
40:08 Crop Rotation
40:31 Bracer
40:56 Ballistics
41:37 Chemistry
41:35 Conscription
42:47 Two-Man Saw
42:51 Plate Barding Armor
41:59 Treadmill Crane
43:32 Stone Shaft Mining
43:22 Town Watch
43:21 Light Cavalry
45:04 Coinage
44:41 Hussar
45:34 Forging
46:31 Banking
46:40 Iron Casting
48:59 Blast Furnace
48:07 Murder Holes
48:24 Masonry
47:37 Paladin
炎帝
11:15 Feudal Age
11:36 Horse Collar
11:45 Double-Bit Axe
11:53 Gold Mining
15:25 Stone Mining
21:44 Castle Age
20:05 Fishing Lines
22:35 Bow Saw
22:20 Gillnets
23:11 Stone Shaft Mining
28:39 Imperial Age
26:39 Fletching
27:32 Bodkin Arrow
27:25 Treadmill Crane
28:54 Ballistics
28:01 Pikeman
28:27 Arson
29:33 Wheelbarrow
28:43 Loom
28:44 Town Watch
29:11 Scale Mail Armor
29:21 Forging
30:29 Hand Cart
30:15 Town Patrol
32:03 Chemistry
34:26 Bombard Tower
35:19 Bracer
37:14 Siege Engineers
37:20 Masonry
39:14 Halberdier
45:41 Architecture
45:33 Chain Mail Armor
45:54 Iron Casting
50:00 Coinage
Connection lost

Rejoining the realm…

Still unreachable

The connection could not be restored.

Session expired

The server has moved on; the page needs a fresh start.